 Dungeon Crawl Stone Soup version 0.31-a0-200-gbc41564c69 (webtiles) character file.

Game seed: 2715006482658507582

26 qw the Shooter (level 2, 0/16 HPs)
             Began as a Deep Elf Hunter on June 25, 2023.
             Succumbed to their own poison gas
             ... on level 1 of the Dungeon.
             The game lasted 00:00:18 (765 turns).

qw the Shooter (Deep Elf Hunter)                     Turns: 765, Time: 00:00:19

Health: 0/16       AC:  5    Str:  8    XL:     2   Next: 89%
Magic:  4/4        EV: 10    Int: 13    God:
Gold:   43         SH:  0    Dex: 18    Spells: 1/1 levels left

rFire   . . .        Y - +0 shortbow
rCold   . . .        (shield currently unavailable)
rNeg    . . .        f - +0 ring mail
rPois   .            (no helmet)
rElec   .            (no cloak)
rCorr   .            (no gloves)
SInv    .            (no boots)
Will    .....        (no amulet)
Stlth   +            (no ring)
HPRegen 0.22/turn    (no ring)
MPRegen 0.09/turn

%: no passive effects
@: lethally poisoned (0 -> -8)
A: no striking features
a: no special abilities


You were on level 1 of the Dungeon.
You visited 1 branch of the dungeon, and saw 1 of its levels.

You collected 43 gold pieces.


   Skills:
 - Level 1.5 Fighting
 + Level 6.6 Ranged Weapons
 - Level 2.4 Dodging
 - Level 1.2 Stealth


You had one spell level left.
You didn't know any spells.
Your spell library was empty.

Inventory:

Hand Weapons
 Y - a +0 shortbow (weapon)
Armour
 f - a +0 ring mail (worn)
Potions
 h - a potion of heal wounds {unknown}
 j - a potion of might {unknown}
 k - a potion of lignification {unknown}

Dungeon Overview and Level Annotations

Branches:
Dungeon (1/15)

Altars:


Message History

You hear a loud clanging noise!
It was a scroll of noise.
Done exploring.
760 ||| READING scroll labelled RIS YPHEDIORYL.
As you read the scroll labelled RIS YPHEDIORYL, it crumbles to dust.
It is a scroll of identify.
Really abort (and waste the scroll)?
Done exploring.
761 ||| DROPPING scroll of butterflies.
You drop a scroll of butterflies.
Done exploring.
(D) Dungeon
Where to? (* - list waypoints, ? - help)
What level of the Dungeon? (default 1, ? - help) Sorry, I don't know how to get there.
Enter note:
Enter note:
Enter note:
Enter note:
Enter note:
Enter note:
Enter note:
Enter note:
Enter note:
Enter note:
Enter note:
Enter note:
Enter note:
Enter note:
Enter note: Really walk into that cloud of poison gas?
You are engulfed in poison gas.
You are lethally poisoned!
You feel very sick.
763 ||| Stepping ~*~*~tactically~*~*~ (cloud).
You feel very sick.
You see here a scroll of butterflies.
There is a lethal amount of poison in your body!
You feel sick.
There is a lethal amount of poison in your body!
You die...

#.........# #....# #.........
..........# #..#.# #......[..
#.........# #.¤#.##############
..........# #.¤#.....##### #
#.........#####.¤#..##0....######
...........)....0¤..¤¤0..........
#..........####.¤##00#...#.##....
.######....# #.¤¤¤¤0####...)....
##.........#####@0¤¤¤# #####....
...###...¤0¤¤0¤¤0¤###########....
#........¤00¤0¤¤0¤¤¤........#....
.#.......¤¤¤¤0¤¤0¤¤00¤...........
##.......###########0¤¤..........
.#....#################.......#'#
##...## ###.......### ##......#.#
##..## ##...........## ##.....#.#
#..# ##....##'##....## #.......#


There were no monsters in sight!

Vanquished Creatures
  4 ball pythons (D:1)
  A bat (D:1)
  2 endoplasms (D:1)
  3 goblins (D:1)
  A hobgoblin (D:1)
  6 kobolds (D:1)
  3 frilled lizards (D:1)
  4 rats (D:1)
24 creatures vanquished.

Notes
Turn   | Place    | Note
-------+----------+-------------------------------------------
     0 | D:1      | qw the Deep Elf Hunter began the quest for the Orb.
     0 | D:1      | Reached XP level 1. HP: 12/12 MP: 3/3
     0 | D:1      | 0 ||| qw: Version: 0.3-a-22-g0ed2b0b
     0 | D:1      | 0 ||| qw: Game counter: 5501
     0 | D:1      | 0 ||| qw: Melee chars always use a shield: true
     0 | D:1      | 0 ||| qw: God list: Okawaru
     0 | D:1      | 0 ||| qw: Allow faded altars: false
     0 | D:1      | 0 ||| qw: Do Orc after clearing Dungeon:15 true
     0 | D:1      | 0 ||| qw: Do second Lair branch before Depths: true
     0 | D:1      | 0 ||| qw: Lair rune preference: random
     0 | D:1      | 0 ||| qw: Goals: Normal
     0 | D:1      | 0 ||| PLANNING D:1-11
   186 | D:1      | Reached XP level 2. HP: 16/16 MP: 4/4
   188 | D:1      | Reached skill level 6 in Ranged Weapons
   741 | D:1      | 741 ||| UPGRADING to +0 ring mail.
   751 | D:1      | 751 ||| DROPPING +0 leather armour.
   752 | D:1      | 752 ||| READING scroll labelled FAAM KAEDDYD.
   757 | D:1      | 757 ||| READING scroll labelled ESUMEPTONEO.
   758 | D:1      | 758 ||| READING scroll labelled WEAPLO NOQUVO.
   759 | D:1      | 759 ||| READING scroll labelled XYZOPR GURUFFAIGRI.
   760 | D:1      | 760 ||| READING scroll labelled RIS YPHEDIORYL.
   761 | D:1      | 761 ||| DROPPING scroll of butterflies.
   763 | D:1      | 763 ||| Stepping ~*~*~tactically~*~*~ (cloud).
   763 | D:1      | HP: 4/16 [poisoned by you (poison gas)]
   765 | D:1      | Succumbed to their own poison gas

Levels and vault maps discovered:
D:1:      dpeg_arrival_concentric_ovals, layout_basic, st_stairs_12,
          wad_floor_pattern_1, minmay_domino_2

Skill      XL: |  1  2 |
---------------+-------+-----
Ranged Weapons | 6 |  6.6
Fighting       | |  1.5
Dodging        | |  2.4
Stealth        | |  1.2

Action                     || total
---------------------------++-------
   Fire: Shortbow          ||    61
    Use: Scroll            ||     5
 Armour: Leather armour    ||     2
  Dodge: Dodged            ||     7

Table legend:
 A = Non-vault XP
 B = Vault XP
 C = Vault XP percentage of total XP
 D = Non-vault monster count
 E = Vault monster count
 F = Vault count percentage of total count
                 A         B        C        D         E       F
            +---------+---------+-------+---------+---------+-------
      Total |      35 |       3 |   7.9 |      22 |       2 |   8.3
            +---------+---------+-------+---------+---------+-------
        D:1 |      35 |       3 |   7.9 |      22 |       2 |   8.3
            +---------+---------+-------+---------+---------+-------
